Map: Акрополь РВ

Players

SlyCrab - Winner!

  • Race: Protoss Protoss
  • League: Master
  • Spawn Location: 5:00

ZipperTheFly

  • Race: Terran Terran
  • League: Grandmaster
  • Spawn Location: 11:00

VOD

Have the link to the VOD?

Description

Time

  • Played on: Nov. 19, 2019, 8:58 a.m.
  • Length: 8:54
Show
View Real Time Build Order
Export as new Build Order

SlyCrab Protoss - Winner!

Build Orders: 1 Gate Expand, Phoenix Opening, Colossus Rush 

Get SALT Encoding   

  12  0:00  Probe  
  13  0:12  Probe  
  14  0:16  Pylon  
  14  0:24  Probe (Chrono Boost)  
  16  0:36  Probe (Chrono Boost)  
  16  0:37  Gateway  
  16  0:42  Probe (Chrono Boost)  
  16  0:45  Assimilator  
  17  0:51  Probe  
  18  1:03  Probe  
  19  1:15  Probe  
  20  1:22  Nexus  
  20  1:34  Cybernetics Core  
  20  1:36  Probe  
  21  1:45  Assimilator  
  21  1:48  Probe  
  22  1:55  Pylon  
  22  2:00  Probe  
  23  2:10  Adept (Chrono Boost), Warp Gate  
  23  2:13  Probe  
  26  2:25  Probe  
  27  2:30  Stargate  
  27  2:32  Adept (Chrono Boost)  
  28  2:37  Probe x2  
  30  2:49  Probe x2  
  32  2:54  Adept (Chrono Boost)  
  33  3:01  Probe x2  
  35  3:13  Probe x2  
  35  3:17  Phoenix (Chrono Boost)  
  39  3:20  Adept (Chrono Boost)  
  39  3:25  Probe  
  39  3:26  Probe  
  43  3:33  Robotics Facility  
  43  3:35  Pylon  
  43  3:38  Probe x2  
  45  3:50  Pylon, Probe  
  45  3:52  Assimilator  
  45  3:53  Phoenix, Probe  
  45  3:55  Assimilator  
  49  4:02  Probe  
  50  4:05  Probe  
  51  4:17  Probe x2  
  51  4:23  Phoenix  
  55  4:24  Robotics Bay  
  55  4:30  Probe  
  56  4:33  Probe, Nexus  
  56  4:35  Pylon  
  56  4:36  Adept  
  59  4:39  Pylon  
  59  4:43  Probe  
  59  4:45  Probe  
  59  4:56  Phoenix (Chrono Boost)  
  59  4:57  Probe x2  
  63  5:01  Adept  
  65  5:09  Probe x2  
  65  5:13  Colossus (Chrono Boost)  
  67  5:21  Phoenix (Chrono Boost), Probe x2  
  74  5:26  Pylon  
  74  5:27  Pylon  
  77  5:28  Pylon  
  77  5:33  Probe  
  78  5:40  Probe  
  77  5:44  Phoenix  
  77  5:48  Stalker  
  81  5:51  Probe x2  
  81  5:53  Probe  
  81  5:56  Colossus (Chrono Boost)  
  84  6:00  Extended Thermal Lance  
  84  6:03  Probe x2  
  92  6:05  Probe  
  92  6:09  Phoenix  
  95  6:15  Probe x2  
  97  6:19  Probe  
  97  6:21  Stalker  
  97  6:22  Assimilator  
  97  6:24  Assimilator  
  100  6:27  Probe x2, Gateway  
  100  6:28  Gateway  
  102  6:35  Phoenix  
  102  6:38  Colossus (Chrono Boost)  
  110  6:48  Stalker  
  110  6:51  Pylon  
  110  6:52  Pylon  
  110  6:53  Pylon  
  112  6:58  Gateway  
  107  7:14  Stalker  
  105  7:22  Warp Prism (Chrono Boost), Stalker  
  105  7:24  Probe x3  
  105  7:28  Gateway  
  105  7:29  Gateway  
  110  7:31  Stalker  
  110  7:33  Gateway  
  110  7:34  Gateway  
  110  7:36  Gateway  
  112  7:38  Gateway  
  112  7:39  Pylon, Probe, Twilight Council  
  112  7:42  Stalker  
  117  7:51  Stalker, Observer  
  116  7:55  Stalker  
  120  8:06  Nexus  
  120  8:07  Forge, Pylon  
  120  8:08  Pylon  
  120  8:12  Stalker  
  122  8:15  Stalker  
  124  8:20  Templar Archives  
  124  8:23  Stalker  
  124  8:24  Stalker x2  
  124  8:42  Stalker x4  
  124  8:43  Stalker x2  
Show
View Real Time Build Order
Export as new Build Order

ZipperTheFly Terran 

Build Orders: Reaper Expand 

Get SALT Encoding   

  12  0:01  SCV  
  13  0:13  SCV  
  14  0:18  Supply Depot  
  14  0:25  SCV  
  15  0:40  Barracks, SCV  
  16  0:45  Refinery  
  16  0:52  SCV  
  17  1:04  SCV  
  18  1:16  SCV  
  19  1:29  Reaper, Orbital Command  
  20  1:40  Command Center  
  20  1:51  Supply Depot  
  20  1:54  SCV  
  20  2:01  Marine  
  22  2:06  SCV  
  23  2:08  Factory  
  23  2:15  Refinery  
  23  2:18  SCV  
  23  2:22  Barracks Reactor  
  24  2:30  SCV  
  25  2:43  SCV  
  26  2:55  SCV  
  26  2:57  Orbital Command  
  27  2:59  Widow Mine  
  27  3:00  Starport  
  27  3:04  Marine x2  
  31  3:07  SCV  
  31  3:19  SCV  
  32  3:22  Marine x2  
  32  3:23  Factory Tech Lab  
  32  3:25  SCV  
  35  3:31  SCV  
  36  3:37  Viking, SCV  
  41  3:42  Cyclone  
  41  3:43  SCV  
  41  3:46  Barracks  
  45  3:49  SCV  
  45  3:50  Supply Depot  
  45  3:55  SCV  
  45  4:01  SCV  
  45  4:07  SCV  
  44  4:14  Marine x2, SCV  
  46  4:23  Supply Depot  
  46  4:31  Marine  
  46  4:32  Marine, Viking, SCV x2  
  46  4:34  Supply Depot  
  46  4:37  Factory Tech Lab  
  52  4:38  Barracks  
  52  4:43  Stimpack  
  52  4:44  SCV x2  
  54  4:46  Supply Depot  
  54  4:56  SCV x2  
  54  4:58  Marine  
  54  4:59  Marine  
  58  5:00  Reaper, Factory Reactor  
  58  5:04  Starport Reactor  
  59  5:08  SCV x2  
  59  5:09  Supply Depot  
  61  5:19  Engineering Bay  
  61  5:21  SCV x2  
  63  5:22  Refinery  
  63  5:23  Marine x2  
  63  5:24  Refinery  
  65  5:28  Command Center  
  65  5:32  Supply Depot, Marauder  
  65  5:33  SCV x2  
  67  5:43  Marine  
  67  5:44  Combat Shield, Marine, Marauder  
  67  5:45  SCV x2  
  67  5:47  Medivac x2  
  77  5:57  Supply Depot, SCV  
  77  5:59  SCV  
  77  6:00  Terran Infantry Weapons Level 1  
  77  6:02  Marine x2  
  81  6:05  Marauder  
  81  6:06  Marauder  
  81  6:09  SCV  
  81  6:10  Supply Depot  
  86  6:12  SCV  
  86  6:13  Widow Mine x2  
  90  6:21  SCV  
  90  6:24  SCV  
  91  6:33  SCV  
  91  6:35  Missile Turret, Marine x2, Marauder  
  91  6:36  Widow Mine x2, Marauder  
  102  6:40  SCV  
  102  6:45  Medivac x2, Orbital Command  
  102  6:46  Concussive Shells  
  106  6:48  SCV  
  107  6:54  Supply Depot  
  102  7:11  Marine x2, Marauder x2  
  93  7:24  Ghost Academy  
  93  7:25  Barracks  
  93  7:26  Barracks  
  93  7:30  SCV x2, Orbital Command  
  93  7:32  Marine x2  
  101  7:42  SCV  
  101  7:43  SCV  
  103  7:50  Marauder x2  
  107  7:54  SCV  
  107  7:56  SCV x2  
  107  7:58  Starport  
  106  8:00  Marine x2  
  106  8:02  Medivac x2  
  112  8:06  SCV  
  112  8:09  Bunker  
  112  8:12  Bunker  
  113  8:14  SCV x2  
  113  8:17  Bunker  
  113  8:18  Refinery  
  113  8:19  Barracks Tech Lab, Refinery  
  115  8:20  Barracks Reactor  
  115  8:22  Marine x2, Marauder  
  115  8:23  Marauder  
  121  8:27  SCV x2  
  121  8:28  Missile Turret, Supply Depot  
  121  8:29  Missile Turret, Supply Depot  
  121  8:30  Missile Turret  
  121  8:31  Missile Turret  
  115  8:38  SCV  
  116  8:42  SCV  
  116  8:45  Bunker  
  118  8:48  Barracks Tech Lab  
Tags
 
Add a new tag
Caveats
  • Supply blocks, unpowered buildings, or Contaminate may cause inaccurate times.
  • Supply counts are checked every 10 seconds.